Blue Jackets vs Wild
(R3)
Created - 15 avril 2014 at 19:10
Goals
|
| Blue Jackets |
0 |
0 |
0 |
0 |
| Wild |
1 |
1 |
1 |
3 |
|
Shots
|
| Blue Jackets |
13 |
6 |
9 |
28 |
| Wild |
11 |
11 |
9 |
31 |
|
1st period
1. Wild , R.J. Umberger 1 (Shane Hnidy, Alexei Kovalev) at 11:03
Penalties :
Greg De Vries (Clb) for Interference (Minor) at 1:13, Greg De Vries (Clb) for Tripping (Minor) at 14:50
2nd period
2. Wild , Anson Carter 1 (Mike Green, Vaclav Prospal) at 6:01
Penalties :
Blake Wheeler (Clb) for Tripping (Minor) at 6:14, Alexei Kovalev (Min) for Interference (Minor) at 10:59, Chris Drury (Min) for High sticking (Minor) at 17:09
3rd period
3. Wild , Anson Carter 2 (Mike Green, Vaclav Prospal) at 15:51
Penalties :
Nathan Dempsey (Min) for Roughing (Minor) at 3:07, Kevin Bieksa (Clb) for High sticking (Minor) at 11:56, Alexei Kovalev (Min) for Interference (Minor) at 16:51
Goalie Stats
Miika Kiprusoff (Clb), 28 saves from 31 shots - (0,903), L, 0-1-0, 60:00 minutes
Martin Brodeur (Min), 28 saves from 28 shots - (1,000), W, 1-0-0, 60:00 minutes
Players Stats for Blue Jackets
Player Name G A P +/- PIM S H SB GA TA FO MP PP MP PK MP
------------------------------------------------------------------------------------
Adam Deadmarsh 0 0 0 -1 0 2 0 0 0 0 0/0 7:54 0:08 0:00
Bates Battaglia 0 0 0 -1 0 1 1 1 0 0 0/0 8:05 0:00 0:51
Blake Wheeler 0 0 0 0 2 1 2 0 0 0 2/3 17:21 3:31 0:00
Brad Stuart 0 0 0 -1 0 0 1 0 0 0 0/0 11:55 0:00 0:26
Branislav Mezei 0 0 0 -1 0 1 1 0 0 1 0/0 20:10 2:22 3:25
Chris Kelly 0 0 0 0 0 2 3 0 0 0 2/6 11:19 0:08 0:41
Dave Steckel 0 0 0 -1 0 0 0 0 0 0 2/4 7:02 0:00 0:00
David Booth 0 0 0 0 0 1 3 0 2 1 2/2 20:38 4:17 2:18
Derek Morris 0 0 0 -1 0 0 0 3 0 0 0/0 19:58 2:22 3:13
Greg De Vries 0 0 0 -1 4 1 0 0 0 0 0/0 12:28 0:00 0:38
Jan Bulis 0 0 0 -2 0 2 1 0 0 0 8/24 15:16 3:31 0:00
Jason Ward 0 0 0 0 0 1 2 0 0 0 0/1 10:58 0:00 1:08
Kevin Bieksa 0 0 0 -1 2 1 3 1 0 0 0/0 27:40 5:34 3:39
Marc Savard 0 0 0 0 0 2 1 0 0 0 16/27 23:07 4:17 4:06
Marcus Nilson 0 0 0 0 0 5 3 0 0 1 0/0 11:02 0:08 0:00
Pavel Bure 0 0 0 -2 0 1 1 0 0 0 0/1 21:22 4:17 4:30
Ramzi Abid 0 0 0 -2 0 5 1 1 0 0 1/1 17:41 3:31 2:18
Wade Redden 0 0 0 -1 0 2 1 0 1 3 0/0 28:04 5:34 4:31
Players Stats for Wild
Player Name G A P +/- PIM S H SB GA TA FO MP PP MP PK MP
------------------------------------------------------------------------------------
Alexei Kovalev 0 1 1 1 4 3 1 0 0 0 0/1 19:25 4:05 0:00
Anson Carter 2 0 2 2 0 6 0 0 0 0 1/2 15:46 3:50 0:00
Brian Rolston 0 0 0 0 0 0 0 0 0 0 0/2 14:09 0:01 4:43
Chris Drury 0 0 0 1 2 3 1 0 0 1 16/28 19:30 4:05 1:16
Chris Higgins 0 0 0 0 0 4 0 0 1 0 1/1 13:22 0:01 3:13
Fedor Tyutin 0 0 0 2 0 1 1 1 0 0 0/0 25:38 4:43 0:59
Fredrik Modin 0 0 0 0 0 0 0 0 0 0 0/0 7:16 0:00 0:00
Glen Metropolit 0 0 0 0 0 1 0 1 0 0 2/3 11:07 0:01 2:05
Jonathan Rheault 0 0 0 0 0 0 0 0 0 0 1/1 7:16 0:00 0:00
Jozef Stumpel 0 0 0 2 0 2 1 0 0 0 0/1 15:48 4:05 0:00
Mark Eaton 0 0 0 1 0 1 1 1 0 1 0/0 14:21 0:00 4:22
Mike Green 0 2 2 2 0 3 2 2 4 0 0/0 24:48 4:43 0:00
Nathan Dempsey 0 0 0 0 2 0 2 1 0 0 0/0 19:51 3:13 2:35
Niclas Wallin 0 0 0 0 0 0 2 2 0 0 0/0 18:01 0:00 4:22
R.J. Umberger 1 0 1 1 0 2 2 1 0 0 1/2 18:04 3:50 0:00
Rod Brind'Amour 0 0 0 0 0 2 2 0 0 1 6/9 13:45 0:00 4:35
Shane Hnidy 0 1 1 1 0 0 0 0 0 0 0/0 18:07 3:13 3:34
Vaclav Prospal 0 2 2 2 0 3 2 0 1 0 8/19 15:46 3:50 0:00
3 Stars
1 - Martin Brodeur (Min)
2 - Anson Carter (Min)
3 - Mike Green (Min)
Power Play
Blue Jackets - 0 on 4 Attempt(s) - 0,00%
Wild - 0 on 4 Attempt(s) - 0,00%
Penalty Kill
Blue Jackets - 4 on 4 Attempt(s) - 100,00%
- Score 0 goal in Penalty Kill
Wild - 4 on 4 Attempt(s) - 100,00%
- Score 0 goal in Penalty Kill
Official
Referees : Rehman Kyle and L'Ecuyer Frederick
Linesman : Vaughan Rody and Scott Cherrey
Game Notes
No Game Note
Finance
Level 1 -- Attendance: 4294 (71,57%) -- Ticket Income 536 750 $
Level 2 -- Attendance: 3670 (73,40%) -- Ticket Income 275 250 $
Level 3 -- Attendance: 1268 (63,40%) -- Ticket Income 63 400 $
Level 4 -- Attendance: 2058 (51,45%) -- Ticket Income 82 320 $
Luxury Box -- Attendance: 714 (71,40%) -- Ticket Income 178 500 $
Game was played at the Forest Center
Total Attendance: 12004 (66,69%)
Total Ticket Income: 1 136 220 $
Other Income: 170 433 $
Total Income: 1 306 653 $
Blue Jackets
5 vs 5 Forward
Center Left Wing Right Wing Time % Phy DF OF
1 Marc Savard David Booth Blake Wheeler 40 1 2 2
2 Jan Bulis Ramzi Abid Pavel Bure 30 1 2 2
3 Chris Kelly Marcus Nilson Jason Ward 20 1 2 2
4 Dave Steckel Bates Battaglia Adam Deadmarsh 10 1 2 2
5 vs 5 Defense
Defense Defense Time % Phy DF OF
1 Wade Redden Kevin Bieksa 40 1 2 2
2 Branislav Mezei Derek Morris 30 1 2 2
3 Brad Stuart Greg De Vries 20 1 2 2
4 Wade Redden Kevin Bieksa 10 1 2 2
PowerPlay Forward
Center Left Wing Right Wing Time % Phy DF OF
1 Marc Savard David Booth Pavel Bure 60 1 2 2
2 Jan Bulis Ramzi Abid Blake Wheeler 40 1 2 2
PowerPlay Defense
Defense Defense Time % Phy DF OF
1 Wade Redden Kevin Bieksa 60 1 2 2
2 Branislav Mezei Derek Morris 40 1 2 2
Penalty Kill 4 Players Forward
Center Wing Time % Phy DF OF
1 Marc Savard Pavel Bure 60 1 2 2
2 David Booth Ramzi Abid 40 1 2 2
Penalty Kill 4 Players Defense
Defense Defense Time % Phy DF OF
1 Wade Redden Kevin Bieksa 60 1 2 2
2 Branislav Mezei Derek Morris 40 1 2 2
Penalty Kill - 3 Players Forward
Forward Time % Phy DF OF
1 Marc Savard 60 1 2 2
2 Pavel Bure 40 1 2 2
Penalty Kill - 3 Players Defense
Defense Defense Time % Phy DF OF
1 Wade Redden Kevin Bieksa 60 1 2 2
2 Branislav Mezei Derek Morris 40 1 2 2
4 vs 4 Forward
Center Wing Time % Phy DF OF
1 Marc Savard Pavel Bure 60 1 2 2
2 David Booth Ramzi Abid 40 1 2 2
4 vs 4 Defense
Defense Defense Time % Phy DF OF
1 Wade Redden Kevin Bieksa 60 1 2 2
2 Branislav Mezei Derek Morris 40 1 2 2
Last Minutes Offensive
Center Left Wing Right Wing Defense Defense
Marc Savard David Booth Pavel Bure Wade Redden Kevin Bieksa
Last Minutes Defensive
Center Left Wing Right Wing Defense Defense
Marc Savard David Booth Pavel Bure Wade Redden Kevin Bieksa
Goaltenders
Starting : Miika Kiprusoff
Backup : Jaroslav Halak
Extra Forwards
Normal : Marcus Nilson, Chris Kelly, Jason Ward - PP : Marcus Nilson, Chris Kelly - PK : Jason Ward
Extra Defensemen
Normal : Brad Stuart, Greg De Vries, Branislav Mezei - PP : Brad Stuart - PK : Greg De Vries, Branislav Mezei
Penalty Shots
Marc Savard, Pavel Bure, David Booth, Ramzi Abid, Jan Bulis
Wild
5 vs 5 Forward
Center Left Wing Right Wing Time % Phy DF OF
1 Chris Drury R.J. Umberger Alexei Kovalev 40 1 0 4
2 Vaclav Prospal Jozef Stumpel Anson Carter 30 0 1 4
3 Rod Brind'Amour Chris Higgins Brian Rolston 20 1 1 3
4 Glen Metropolit Fredrik Modin Jonathan Rheault 10 2 1 2
5 vs 5 Defense
Defense Defense Time % Phy DF OF
1 Mike Green Fedor Tyutin 40 1 3 1
2 Niclas Wallin Nathan Dempsey 30 1 3 1
3 Mark Eaton Shane Hnidy 20 1 3 1
4 Mike Green Fedor Tyutin 10 1 3 1
PowerPlay Forward
Center Left Wing Right Wing Time % Phy DF OF
1 Chris Drury Jozef Stumpel Alexei Kovalev 60 0 0 5
2 Vaclav Prospal R.J. Umberger Anson Carter 40 0 0 5
PowerPlay Defense
Defense Defense Time % Phy DF OF
1 Mike Green Fedor Tyutin 60 0 2 3
2 Shane Hnidy Nathan Dempsey 40 0 2 3
Penalty Kill 4 Players Forward
Center Wing Time % Phy DF OF
1 Rod Brind'Amour Brian Rolston 60 1 3 1
2 Glen Metropolit Chris Higgins 40 1 3 1
Penalty Kill 4 Players Defense
Defense Defense Time % Phy DF OF
1 Mark Eaton Niclas Wallin 60 2 3 0
2 Shane Hnidy Nathan Dempsey 40 2 3 0
Penalty Kill - 3 Players Forward
Forward Time % Phy DF OF
1 Rod Brind'Amour 60 1 4 0
2 Glen Metropolit 40 1 4 0
Penalty Kill - 3 Players Defense
Defense Defense Time % Phy DF OF
1 Mark Eaton Niclas Wallin 60 2 3 0
2 Shane Hnidy Fedor Tyutin 40 2 3 0
4 vs 4 Forward
Center Wing Time % Phy DF OF
1 Chris Drury Vaclav Prospal 60 1 1 3
2 Jozef Stumpel Alexei Kovalev 40 1 1 3
4 vs 4 Defense
Defense Defense Time % Phy DF OF
1 Mike Green Fedor Tyutin 60 1 3 1
2 Niclas Wallin Mark Eaton 40 1 3 1
Last Minutes Offensive
Center Left Wing Right Wing Defense Defense
Chris Drury Jozef Stumpel Alexei Kovalev Mike Green Fedor Tyutin
Last Minutes Defensive
Center Left Wing Right Wing Defense Defense
Rod Brind'Amour Glen Metropolit Brian Rolston Mark Eaton Shane Hnidy
Goaltenders
Starting : Martin Brodeur
Backup : Julien Ellis
Extra Forwards
Normal : Chris Drury, Alexei Kovalev, Jozef Stumpel - PP : Chris Drury, Alexei Kovalev - PK : Rod Brind'Amour
Extra Defensemen
Normal : Mike Green, Niclas Wallin, Nathan Dempsey - PP : Mike Green - PK : Mark Eaton, Niclas Wallin
Penalty Shots
Chris Drury, Vaclav Prospal, Jozef Stumpel, Alexei Kovalev, R.J. Umberger
% Time on Ice - Blue Jackets
Lines # - Real PCT - Wanted PCT - Time Play
Normal Forward
1 - 35% - 40% - 15:29
2 - 27% - 30% - 11:52
3 - 22% - 20% - 9:45
4 - 16% - 10% - 7:02
Normal Defense
1 - 39% - 40% - 17:23
2 - 33% - 30% - 14:23
3 - 26% - 20% - 11:17
4 - 2% - 10% - 1:05
PP Forward
1 - 56% - 60% - 4:25
2 - 44% - 40% - 3:31
PP Defense
1 - 70% - 60% - 5:34
2 - 30% - 40% - 2:22
PK Forward
1 - 71% - 60% - 5:38
2 - 29% - 40% - 2:18
PK Defense
1 - 59% - 60% - 4:43
2 - 41% - 40% - 3:13
PK3 Forward
1 - 0% - 60%
2 - 0% - 40%
PK3 Defense
1 - 0% - 60%
2 - 0% - 40%
44 Forward
1 - 0% - 60%
2 - 0% - 40%
44 Defense
1 - 0% - 60%
2 - 0% - 40%
Last Minute Offensive - 0:00
Last Minute Defensive - 0:00
Total
Forward - 60:00
Defense - 60:00
|
% Time on Ice - Wild
Lines # - Real PCT - Wanted PCT - Time Play
Normal Forward
1 - 35% - 40% - 15:21
2 - 30% - 30% - 13:17
3 - 19% - 20% - 8:14
4 - 16% - 10% - 7:16
Normal Defense
1 - 40% - 40% - 17:42
2 - 32% - 30% - 14:13
3 - 21% - 20% - 9:24
4 - 6% - 10% - 2:49
PP Forward
1 - 52% - 60% - 4:06
2 - 48% - 40% - 3:50
PP Defense
1 - 59% - 60% - 4:43
2 - 41% - 40% - 3:13
PK Forward
1 - 79% - 60% - 6:14
2 - 21% - 40% - 1:42
PK Defense
1 - 55% - 60% - 4:22
2 - 45% - 40% - 3:34
PK3 Forward
1 - 0% - 60%
2 - 0% - 40%
PK3 Defense
1 - 0% - 60%
2 - 0% - 40%
44 Forward
1 - 0% - 60%
2 - 0% - 40%
44 Defense
1 - 0% - 60%
2 - 0% - 40%
Last Minute Offensive - 0:00
Last Minute Defensive - 0:00
Total
Forward - 60:00
Defense - 60:00
|
Play by Play
1st period
0:01 of 1st period - Marc Savard wins face-off versus Chris Drury in neutral zone.
0:36 of 1st period - Snap shot by Ramzi Abid.
0:36 of 1st period - Stopped by Martin Brodeur with a rebound.
1:13 of 1st period - Minor Penalty to Greg De Vries for Interference.
1:14 of 1st period - Marc Savard wins face-off versus Jozef Stumpel in Blue Jackets zone.
1:24 of 1st period - Mike Green is hit by Pavel Bure and loses puck.
1:29 of 1st period - Wrist shot by Pavel Bure.
1:29 of 1st period - Stopped by Martin Brodeur without a rebound.
1:30 of 1st period - Anson Carter wins face-off versus Marc Savard in Wild zone.
3:13 of 1st period - Penalty to Greg De Vries is over, Greg De Vries is back on ice.
3:17 of 1st period - Snap shot by Wade Redden.
3:17 of 1st period - Shot Misses the Net.
3:19 of 1st period - Snap shot by Wade Redden.
3:19 of 1st period - Stopped by Martin Brodeur without a rebound.
3:20 of 1st period - Rod Brind'Amour wins face-off versus Chris Kelly in Wild zone.
3:27 of 1st period - Wrist shot by Marcus Nilson.
3:27 of 1st period - Shot Misses the Net.
3:29 of 1st period - Slapshot by Greg De Vries.
3:29 of 1st period - Stopped by Martin Brodeur with a rebound.
3:33 of 1st period - Wrist shot by Chris Kelly.
3:33 of 1st period - Shot Misses the Net.
3:45 of 1st period - Bates Battaglia is hit by Mike Green.
5:12 of 1st period - Snap shot by Chris Higgins.
5:12 of 1st period - Stopped by Miika Kiprusoff without a rebound.
5:13 of 1st period - Rod Brind'Amour wins face-off versus Blake Wheeler in Blue Jackets zone.
5:14 of 1st period - Slapshot by Chris Higgins.
5:14 of 1st period - Shot Misses the Net.
5:16 of 1st period - Slapshot by Mark Eaton.
5:16 of 1st period - Shot Blocked by Kevin Bieksa.
5:18 of 1st period - Slapshot by Chris Higgins.
5:18 of 1st period - Stopped by Miika Kiprusoff without a rebound.
5:19 of 1st period - Marc Savard wins face-off versus Alexei Kovalev in Blue Jackets zone.
5:43 of 1st period - Shane Hnidy is hit by David Booth and loses puck.
5:56 of 1st period - Wrist shot by Chris Higgins.
5:56 of 1st period - Deflect By Brian Rolston.
5:56 of 1st period - Deflect By Kevin Bieksa.
5:56 of 1st period - Shot Misses the Net.
5:56 of 1st period - Puck is out of play.
5:57 of 1st period - Chris Drury wins face-off versus Jan Bulis in Blue Jackets zone.
7:42 of 1st period - Slapshot by Vaclav Prospal.
7:42 of 1st period - Stopped by Miika Kiprusoff with a rebound.
8:04 of 1st period - Rod Brind'Amour is hit by Marcus Nilson and loses puck.
8:34 of 1st period - Slapshot by Wade Redden.
8:34 of 1st period - Shot Blocked by Mike Green.
9:05 of 1st period - Icing by Jozef Stumpel.
9:06 of 1st period - Marc Savard wins face-off versus Vaclav Prospal in Wild zone.
9:37 of 1st period - Wrist shot by Ramzi Abid.
9:37 of 1st period - Stopped by Martin Brodeur with a rebound.
9:39 of 1st period - Snap shot by Branislav Mezei.
9:39 of 1st period - Stopped by Martin Brodeur with a rebound.
9:41 of 1st period - Slapshot by Pavel Bure.
9:41 of 1st period - Shot Blocked by Mike Green.
9:53 of 1st period - Snap shot by Marcus Nilson.
9:53 of 1st period - Stopped by Martin Brodeur with a rebound.
9:55 of 1st period - Slapshot by Kevin Bieksa.
9:55 of 1st period - Shot Misses the Net.
9:57 of 1st period - Snap shot by Jason Ward.
9:57 of 1st period - Stopped by Martin Brodeur without a rebound.
9:58 of 1st period - Marc Savard wins face-off versus Rod Brind'Amour in Wild zone.
10:05 of 1st period - Snap shot by David Booth.
10:05 of 1st period - Shot Misses the Net.
10:23 of 1st period - Kevin Bieksa is hit by Nathan Dempsey and loses puck.
10:40 of 1st period - Wade Redden is hit by Mark Eaton and loses puck.
10:57 of 1st period - Wrist shot by Chris Higgins.
10:57 of 1st period - Stopped by Miika Kiprusoff without a rebound.
10:58 of 1st period - Chris Drury wins face-off versus Jan Bulis in Blue Jackets zone.
10:59 of 1st period - Snap shot by Alexei Kovalev.
10:59 of 1st period - Shot Misses the Net.
11:01 of 1st period - Slapshot by Shane Hnidy.
11:01 of 1st period - Shot Blocked by Ramzi Abid.
11:03 of 1st period - Snap shot by R.J. Umberger.
11:03 of 1st period - Goal by R.J. Umberger - Blue Jackets : 0 - Wild : 1.
11:04 of 1st period - Jan Bulis wins face-off versus R.J. Umberger in neutral zone.
11:11 of 1st period - Wrist shot by Jan Bulis.
11:11 of 1st period - Stopped by Martin Brodeur without a rebound.
11:12 of 1st period - Chris Drury wins face-off versus Jan Bulis in Wild zone.
11:37 of 1st period - Wrist shot by Marcus Nilson.
11:37 of 1st period - Stopped by Martin Brodeur with a rebound.
11:43 of 1st period - Slapshot by Wade Redden.
11:43 of 1st period - Deflect By Chris Kelly.
11:43 of 1st period - Shot Blocked by Fedor Tyutin.
11:43 of 1st period - Puck is out of play.
11:44 of 1st period - Vaclav Prospal wins face-off versus Chris Kelly in Wild zone.
11:44 of 1st period - Vaclav Prospal is hit by Branislav Mezei.
11:51 of 1st period - Off-side.
11:52 of 1st period - David Booth wins face-off versus Vaclav Prospal in neutral zone.
12:05 of 1st period - Snap shot by Jozef Stumpel.
12:05 of 1st period - Stopped by Miika Kiprusoff with a rebound.
12:07 of 1st period - Wrist shot by Vaclav Prospal.
12:07 of 1st period - Stopped by Miika Kiprusoff without a rebound.
12:08 of 1st period - Chris Drury wins face-off versus Jan Bulis in Blue Jackets zone.
12:17 of 1st period - Chris Drury is hit by Jan Bulis.
13:00 of 1st period - Snap shot by Alexei Kovalev.
13:00 of 1st period - Stopped by Miika Kiprusoff without a rebound.
13:01 of 1st period - Marc Savard wins face-off versus Vaclav Prospal in Blue Jackets zone.
13:10 of 1st period - Snap shot by David Booth.
13:10 of 1st period - Shot Blocked by Niclas Wallin.
13:12 of 1st period - Slapshot by Wade Redden.
13:12 of 1st period - Stopped by Martin Brodeur with a rebound.
13:14 of 1st period - Snap shot by Blake Wheeler.
13:14 of 1st period - Deflect By Vaclav Prospal.
13:14 of 1st period - Stopped by Martin Brodeur without a rebound.
13:15 of 1st period - Marc Savard wins face-off versus Vaclav Prospal in Wild zone.
14:47 of 1st period - Slapshot by Mike Green.
14:47 of 1st period - Stopped by Miika Kiprusoff without a rebound.
14:48 of 1st period - Jan Bulis wins face-off versus Vaclav Prospal in Blue Jackets zone.
14:50 of 1st period - Minor Penalty to Greg De Vries for Tripping.
14:51 of 1st period - Marc Savard wins face-off versus Chris Drury in Blue Jackets zone.
15:01 of 1st period - Snap shot by Alexei Kovalev.
15:01 of 1st period - Stopped by Miika Kiprusoff with a rebound.
15:03 of 1st period - Slapshot by Jozef Stumpel.
15:03 of 1st period - Shot Misses the Net.
15:07 of 1st period - Slapshot by Alexei Kovalev.
15:07 of 1st period - Shot Misses the Net.
16:29 of 1st period - Jozef Stumpel is hit by Jason Ward and loses puck.
16:50 of 1st period - Penalty to Greg De Vries is over, Greg De Vries is back on ice.
17:51 of 1st period - Shane Hnidy is hit by Marcus Nilson and loses puck.
18:03 of 1st period - Marc Savard is hit by Mike Green and loses puck.
18:10 of 1st period - Snap shot by Shane Hnidy.
18:10 of 1st period - Deflect By Fredrik Modin.
18:10 of 1st period - Shot Misses the Net.
18:10 of 1st period - Puck is out of play.
18:11 of 1st period - Dave Steckel wins face-off versus Chris Drury in Blue Jackets zone.
18:11 of 1st period - Dave Steckel is hit by R.J. Umberger.
18:14 of 1st period - Brad Stuart is hit by R.J. Umberger and loses puck.
18:23 of 1st period - Wrist shot by Alexei Kovalev.
18:23 of 1st period - Stopped by Miika Kiprusoff with a rebound.
18:25 of 1st period - Wrist shot by Chris Drury.
18:25 of 1st period - Shot Misses the Net.
18:35 of 1st period - Anson Carter is hit by Chris Kelly and loses puck.
19:02 of 1st period - Snap shot by Chris Kelly.
19:02 of 1st period - Deflect By Chris Higgins.
19:02 of 1st period - Stopped by Martin Brodeur with a rebound.
Goals for this period are 0 for Blue Jackets vs 1 for Wild.
Shots for this period are 13 for Blue Jackets vs 11 for Wild.
2nd period
0:01 of 2nd period - Jan Bulis wins face-off versus Chris Drury in neutral zone.
0:01 of 2nd period - Kevin Bieksa is hit by Chris Drury.
0:26 of 2nd period - Blake Wheeler is hit by Vaclav Prospal and loses puck.
0:52 of 2nd period - Off-side.
0:53 of 2nd period - Chris Drury wins face-off versus Jan Bulis in neutral zone.
1:21 of 2nd period - Anson Carter is hit by Blake Wheeler and loses puck.
1:30 of 2nd period - Snap shot by Vaclav Prospal.
1:30 of 2nd period - Stopped by Miika Kiprusoff without a rebound.
1:31 of 2nd period - Chris Kelly wins face-off versus Vaclav Prospal in Blue Jackets zone.
2:07 of 2nd period - Snap shot by Jozef Stumpel.
2:07 of 2nd period - Shot Misses the Net.
2:31 of 2nd period - Wrist shot by Vaclav Prospal.
2:31 of 2nd period - Shot Misses the Net.
2:33 of 2nd period - Snap shot by Anson Carter.
2:33 of 2nd period - Stopped by Miika Kiprusoff without a rebound.
2:34 of 2nd period - Chris Drury wins face-off versus Jan Bulis in Blue Jackets zone.
3:10 of 2nd period - Snap shot by Marcus Nilson.
3:10 of 2nd period - Stopped by Martin Brodeur with a rebound.
3:22 of 2nd period - Slapshot by Fedor Tyutin.
3:22 of 2nd period - Stopped by Miika Kiprusoff without a rebound.
3:23 of 2nd period - Dave Steckel wins face-off versus Glen Metropolit in Blue Jackets zone.
3:50 of 2nd period - Wrist shot by Ramzi Abid.
3:50 of 2nd period - Deflect By Pavel Bure.
3:50 of 2nd period - Shot Misses the Net.
3:50 of 2nd period - Puck is out of play.
3:51 of 2nd period - Chris Drury wins face-off versus Jan Bulis in Wild zone.
4:07 of 2nd period - Wrist shot by Ramzi Abid.
4:07 of 2nd period - Stopped by Martin Brodeur without a rebound.
4:08 of 2nd period - Marc Savard wins face-off versus Vaclav Prospal in Wild zone.
4:23 of 2nd period - Snap shot by Anson Carter.
4:23 of 2nd period - Shot Misses the Net.
4:58 of 2nd period - Glen Metropolit is hit by Chris Kelly and loses puck.
5:04 of 2nd period - Glen Metropolit is hit by Chris Kelly and loses puck.
5:09 of 2nd period - Snap shot by Marcus Nilson.
5:09 of 2nd period - Shot Misses the Net.
5:55 of 2nd period - Snap shot by Vaclav Prospal.
5:55 of 2nd period - Shot Misses the Net.
5:57 of 2nd period - Slapshot by Mike Green.
5:57 of 2nd period - Shot Blocked by Bates Battaglia.
5:59 of 2nd period - Snap shot by Anson Carter.
5:59 of 2nd period - Shot Misses the Net.
6:01 of 2nd period - Slapshot by Anson Carter.
6:01 of 2nd period - Goal by Anson Carter - Blue Jackets : 0 - Wild : 2.
6:02 of 2nd period - Marc Savard wins face-off versus Chris Drury in neutral zone.
6:14 of 2nd period - Minor Penalty to Blake Wheeler for Tripping.
6:15 of 2nd period - Chris Drury wins face-off versus Marc Savard in Blue Jackets zone.
6:26 of 2nd period - Slapshot by Chris Drury.
6:26 of 2nd period - Stopped by Miika Kiprusoff without a rebound.
6:27 of 2nd period - Marc Savard wins face-off versus Chris Drury in Blue Jackets zone.
6:27 of 2nd period - Marc Savard is hit by Alexei Kovalev.
6:45 of 2nd period - Chris Drury is hit by Kevin Bieksa and loses puck.
7:04 of 2nd period - Slapshot by R.J. Umberger.
7:04 of 2nd period - Deflect By Anson Carter.
7:04 of 2nd period - Stopped by Miika Kiprusoff without a rebound.
7:05 of 2nd period - Marc Savard wins face-off versus Vaclav Prospal in Blue Jackets zone.
7:29 of 2nd period - Off-side.
7:30 of 2nd period - Ramzi Abid wins face-off versus Vaclav Prospal in neutral zone.
8:14 of 2nd period - Penalty to Blake Wheeler is over, Blake Wheeler is back on ice.
8:28 of 2nd period - Off-side.
8:29 of 2nd period - Chris Kelly wins face-off versus Brian Rolston in neutral zone.
8:34 of 2nd period - Slapshot by Chris Kelly.
8:34 of 2nd period - Shot Blocked by Nathan Dempsey.
8:36 of 2nd period - Snap shot by Kevin Bieksa.
8:36 of 2nd period - Shot Blocked by Niclas Wallin.
8:38 of 2nd period - Snap shot by Jason Ward.
8:38 of 2nd period - Shot Misses the Net.
8:53 of 2nd period - Icing by Wade Redden.
8:54 of 2nd period - Jonathan Rheault wins face-off versus Chris Kelly in Blue Jackets zone.
8:59 of 2nd period - Snap shot by Fredrik Modin.
8:59 of 2nd period - Shot Misses the Net.
9:13 of 2nd period - Wrist shot by Chris Kelly.
9:13 of 2nd period - Deflect By Marcus Nilson.
9:13 of 2nd period - Stopped by Martin Brodeur with a rebound.
9:35 of 2nd period - Slapshot by R.J. Umberger.
9:35 of 2nd period - Stopped by Miika Kiprusoff without a rebound.
9:36 of 2nd period - Chris Drury wins face-off versus Marc Savard in Blue Jackets zone.
9:51 of 2nd period - Wrist shot by Chris Drury.
9:51 of 2nd period - Deflect By Derek Morris.
9:51 of 2nd period - Stopped by Miika Kiprusoff without a rebound.
9:52 of 2nd period - Jan Bulis wins face-off versus Vaclav Prospal in Blue Jackets zone.
9:56 of 2nd period - Off-side.
9:57 of 2nd period - Vaclav Prospal wins face-off versus Jan Bulis in neutral zone.
9:59 of 2nd period - Off-side.
10:00 of 2nd period - Jan Bulis wins face-off versus Anson Carter in neutral zone.
10:07 of 2nd period - Slapshot by Derek Morris.
10:07 of 2nd period - Shot Misses the Net.
10:17 of 2nd period - Pavel Bure is hit by Fedor Tyutin and loses puck.
10:24 of 2nd period - Snap shot by Jozef Stumpel.
10:24 of 2nd period - Stopped by Miika Kiprusoff without a rebound.
10:25 of 2nd period - Blake Wheeler wins face-off versus Chris Drury in Blue Jackets zone.
10:59 of 2nd period - Minor Penalty to Alexei Kovalev for Interference.
11:00 of 2nd period - Rod Brind'Amour wins face-off versus Marc Savard in Wild zone.
11:00 of 2nd period - Rod Brind'Amour is hit by David Booth.
11:12 of 2nd period - Marc Savard is hit by Rod Brind'Amour and loses puck.
11:27 of 2nd period - Mark Eaton is hit by Ramzi Abid.
12:03 of 2nd period - Derek Morris is hit by Niclas Wallin.
12:45 of 2nd period - Pavel Bure is hit by Rod Brind'Amour and loses puck.
12:59 of 2nd period - Penalty to Alexei Kovalev is over, Alexei Kovalev is back on ice.
13:53 of 2nd period - Off-side.
13:54 of 2nd period - Vaclav Prospal wins face-off versus Dave Steckel in neutral zone.
14:27 of 2nd period - Wrist shot by Jan Bulis.
14:27 of 2nd period - Shot Blocked by Glen Metropolit.
14:31 of 2nd period - Wrist shot by Marc Savard.
14:31 of 2nd period - Shot Misses the Net.
14:37 of 2nd period - Slapshot by Marc Savard.
14:37 of 2nd period - Shot Blocked by Mark Eaton.
14:39 of 2nd period - Snap shot by David Booth.
14:39 of 2nd period - Stopped by Martin Brodeur without a rebound.
14:40 of 2nd period - Vaclav Prospal wins face-off versus Jan Bulis in Wild zone.
14:45 of 2nd period - Slapshot by Anson Carter.
14:45 of 2nd period - Stopped by Miika Kiprusoff without a rebound.
14:46 of 2nd period - Vaclav Prospal wins face-off versus Jan Bulis in Blue Jackets zone.
14:53 of 2nd period - Wrist shot by Jozef Stumpel.
14:53 of 2nd period - Shot Misses the Net.
15:43 of 2nd period - Nathan Dempsey is hit by Marcus Nilson and loses puck.
16:22 of 2nd period - Snap shot by Alexei Kovalev.
16:22 of 2nd period - Shot Blocked by Derek Morris.
16:24 of 2nd period - Snap shot by Alexei Kovalev.
16:24 of 2nd period - Shot Blocked by Derek Morris.
17:03 of 2nd period - Slapshot by Jan Bulis.
17:03 of 2nd period - Stopped by Martin Brodeur without a rebound.
17:04 of 2nd period - Jan Bulis wins face-off versus Chris Drury in Wild zone.
17:05 of 2nd period - Slapshot by Ramzi Abid.
17:05 of 2nd period - Stopped by Martin Brodeur without a rebound.
17:06 of 2nd period - Chris Drury wins face-off versus Marc Savard in Wild zone.
17:06 of 2nd period - Chris Drury is hit by Wade Redden.
17:09 of 2nd period - Minor Penalty to Chris Drury for High sticking.
17:10 of 2nd period - Rod Brind'Amour wins face-off versus Pavel Bure in Wild zone.
17:42 of 2nd period - Wrist shot by Rod Brind'Amour.
17:42 of 2nd period - Deflect By Wade Redden.
17:42 of 2nd period - Stopped by Miika Kiprusoff without a rebound.
17:43 of 2nd period - Glen Metropolit wins face-off versus Jan Bulis in Blue Jackets zone.
19:09 of 2nd period - Penalty to Chris Drury is over, Chris Drury is back on ice.
Goals for this period are 0 for Blue Jackets vs 1 for Wild.
Shots for this period are 6 for Blue Jackets vs 11 for Wild.
3rd period
0:01 of 3rd period - Chris Drury wins face-off versus Marc Savard in neutral zone.
0:09 of 3rd period - Slapshot by Marc Savard.
0:09 of 3rd period - Shot Blocked by R.J. Umberger.
0:11 of 3rd period - Snap shot by Kevin Bieksa.
0:11 of 3rd period - Stopped by Martin Brodeur without a rebound.
0:12 of 3rd period - Chris Drury wins face-off versus Marc Savard in Wild zone.
0:39 of 3rd period - Ramzi Abid is hit by Vaclav Prospal and loses puck.
1:04 of 3rd period - Wrist shot by Marcus Nilson.
1:04 of 3rd period - Stopped by Martin Brodeur with a rebound.
1:22 of 3rd period - Wrist shot by Fredrik Modin.
1:22 of 3rd period - Deflect By Glen Metropolit.
1:22 of 3rd period - Stopped by Miika Kiprusoff with a rebound.
2:04 of 3rd period - Wrist shot by Jozef Stumpel.
2:04 of 3rd period - Shot Misses the Net.
2:11 of 3rd period - Slapshot by Mark Eaton.
2:11 of 3rd period - Shot Hit the Post.
2:20 of 3rd period - Icing by Ramzi Abid.
2:21 of 3rd period - Rod Brind'Amour wins face-off versus Chris Kelly in Blue Jackets zone.
2:49 of 3rd period - Slapshot by Chris Drury.
2:49 of 3rd period - Stopped by Miika Kiprusoff without a rebound.
2:50 of 3rd period - Marc Savard wins face-off versus Chris Drury in Blue Jackets zone.
2:50 of 3rd period - Marc Savard is hit by Nathan Dempsey.
3:07 of 3rd period - Minor Penalty to Nathan Dempsey for Roughing.
3:08 of 3rd period - Marc Savard wins face-off versus Rod Brind'Amour in Wild zone.
3:13 of 3rd period - Snap shot by Marc Savard.
3:13 of 3rd period - Stopped by Martin Brodeur with a rebound.
4:13 of 3rd period - Icing by Blake Wheeler.
4:14 of 3rd period - Chris Drury wins face-off versus Jan Bulis in Blue Jackets zone.
4:23 of 3rd period - Snap shot by Chris Higgins.
4:23 of 3rd period - Shot Misses the Net.
5:07 of 3rd period - Penalty to Nathan Dempsey is over, Nathan Dempsey is back on ice.
5:23 of 3rd period - Snap shot by Bates Battaglia.
5:23 of 3rd period - Stopped by Martin Brodeur with a rebound.
5:53 of 3rd period - Snap shot by Rod Brind'Amour.
5:53 of 3rd period - Stopped by Miika Kiprusoff without a rebound.
5:54 of 3rd period - R.J. Umberger wins face-off versus Marc Savard in Blue Jackets zone.
6:19 of 3rd period - Pavel Bure is hit by Jozef Stumpel.
6:43 of 3rd period - Slapshot by Chris Kelly.
6:43 of 3rd period - Stopped by Martin Brodeur with a rebound.
7:16 of 3rd period - Slapshot by Derek Morris.
7:16 of 3rd period - Deflect By Adam Deadmarsh.
7:16 of 3rd period - Stopped by Martin Brodeur with a rebound.
7:20 of 3rd period - Wrist shot by Wade Redden.
7:20 of 3rd period - Shot Misses the Net.
7:22 of 3rd period - Snap shot by Adam Deadmarsh.
7:22 of 3rd period - Stopped by Martin Brodeur with a rebound.
7:34 of 3rd period - Wrist shot by Glen Metropolit.
7:34 of 3rd period - Deflect By Fredrik Modin.
7:34 of 3rd period - Shot Misses the Net.
7:34 of 3rd period - Puck is out of play.
7:35 of 3rd period - Glen Metropolit wins face-off versus Jan Bulis in Blue Jackets zone.
9:01 of 3rd period - Glen Metropolit is hit by Bates Battaglia and loses puck.
9:36 of 3rd period - Alexei Kovalev is hit by Jason Ward and loses puck.
9:55 of 3rd period - Snap shot by Brian Rolston.
9:55 of 3rd period - Shot Misses the Net.
10:17 of 3rd period - Off-side.
10:18 of 3rd period - Jan Bulis wins face-off versus Chris Drury in neutral zone.
10:34 of 3rd period - Icing by Wade Redden.
10:35 of 3rd period - Vaclav Prospal wins face-off versus Jan Bulis in Blue Jackets zone.
10:36 of 3rd period - Wrist shot by Jozef Stumpel.
10:36 of 3rd period - Shot Misses the Net.
10:44 of 3rd period - Wrist shot by Vaclav Prospal.
10:44 of 3rd period - Deflect By Anson Carter.
10:44 of 3rd period - Stopped by Miika Kiprusoff with a rebound.
10:54 of 3rd period - Wrist shot by Ramzi Abid.
10:54 of 3rd period - Deflect By Pavel Bure.
10:54 of 3rd period - Shot Misses the Net.
10:54 of 3rd period - Puck is out of play.
10:55 of 3rd period - Chris Drury wins face-off versus Marc Savard in Wild zone.
10:55 of 3rd period - Chris Drury is hit by Kevin Bieksa.
11:11 of 3rd period - Snap shot by Marc Savard.
11:11 of 3rd period - Shot Misses the Net.
11:56 of 3rd period - Minor Penalty to Kevin Bieksa for High sticking.
11:57 of 3rd period - Chris Drury wins face-off versus Jason Ward in Blue Jackets zone.
13:28 of 3rd period - Mike Green is hit by David Booth and loses puck.
13:56 of 3rd period - Penalty to Kevin Bieksa is over, Kevin Bieksa is back on ice.
14:38 of 3rd period - Icing by Ramzi Abid.
14:39 of 3rd period - Chris Higgins wins face-off versus Jan Bulis in Blue Jackets zone.
14:44 of 3rd period - Snap shot by Rod Brind'Amour.
14:44 of 3rd period - Deflect By Chris Higgins.
14:44 of 3rd period - Shot Blocked by Derek Morris.
14:44 of 3rd period - Puck is out of play.
14:45 of 3rd period - Blake Wheeler wins face-off versus Brian Rolston in Blue Jackets zone.
15:09 of 3rd period - Mark Eaton is hit by Kevin Bieksa and loses puck.
15:27 of 3rd period - Off-side.
15:28 of 3rd period - Vaclav Prospal wins face-off versus Jan Bulis in neutral zone.
15:31 of 3rd period - Slapshot by Mike Green.
15:31 of 3rd period - Stopped by Miika Kiprusoff without a rebound.
15:32 of 3rd period - Jan Bulis wins face-off versus Vaclav Prospal in Blue Jackets zone.
15:49 of 3rd period - Slapshot by Mike Green.
15:49 of 3rd period - Stopped by Miika Kiprusoff with a rebound.
15:51 of 3rd period - Snap shot by Anson Carter.
15:51 of 3rd period - Goal by Anson Carter - Blue Jackets : 0 - Wild : 3.
15:52 of 3rd period - Marc Savard wins face-off versus Chris Drury in neutral zone.
16:26 of 3rd period - Snap shot by Ramzi Abid.
16:26 of 3rd period - Stopped by Martin Brodeur without a rebound.
16:27 of 3rd period - David Booth wins face-off versus Chris Drury in Wild zone.
16:28 of 3rd period - Snap shot by Marc Savard.
16:28 of 3rd period - Stopped by Martin Brodeur without a rebound.
16:29 of 3rd period - Chris Drury wins face-off versus Marc Savard in Wild zone.
16:29 of 3rd period - Chris Drury is hit by Blake Wheeler.
16:51 of 3rd period - Minor Penalty to Alexei Kovalev for Interference.
16:52 of 3rd period - Rod Brind'Amour wins face-off versus Marc Savard in Wild zone.
17:05 of 3rd period - Slapshot by Mark Eaton.
17:05 of 3rd period - Deflect By Pavel Bure.
17:05 of 3rd period - Stopped by Miika Kiprusoff with a rebound.
17:15 of 3rd period - Rod Brind'Amour is hit by Marc Savard and loses puck.
17:30 of 3rd period - Marc Savard is hit by Niclas Wallin.
17:33 of 3rd period - Icing by Pavel Bure.
17:34 of 3rd period - Marc Savard wins face-off versus Rod Brind'Amour in Blue Jackets zone.
18:51 of 3rd period - Penalty to Alexei Kovalev is over, Alexei Kovalev is back on ice.
19:16 of 3rd period - Snap shot by Chris Higgins.
19:16 of 3rd period - Stopped by Miika Kiprusoff without a rebound.
19:17 of 3rd period - Vaclav Prospal wins face-off versus Dave Steckel in Blue Jackets zone.
19:46 of 3rd period - Alexei Kovalev is hit by Brad Stuart and loses puck.
Goals for this period are 0 for Blue Jackets vs 1 for Wild.
Shots for this period are 9 for Blue Jackets vs 9 for Wild.
Output by the SimonT Hockey Simulator (STHS) for François Prévost -- Original Page W3C XHTML 1.0 Valid